Cogmind - Beta 14 @@@ ROGUE MODE // 2024.09.20 @ 17:53:34 Player: star Result: Destroyed by P-70 Sage with Tesla Rifle Performance ------------- Evolutions (6) 3000 Regions Visited (8) 1600 Robots Destroyed (17) 85 Value Destroyed (407) 407 Prototype IDs (12) 240 Alien Tech Used (0) 0 Bonus (411) 411 TOTAL SCORE: 5743 Bonus ------- Follower Combat Kills 111 Registered with UFD 300 Cogmind --------- Core Integrity 0/1150 Matter 300/300 Energy 100/100 System Corruption 1% Temperature Cool (3) Movement Flying (40) Location -4/Upper Caves Parts ------- > --- POWER (2) -------- (None) > --- PROPULSION (6) --- Impulse Thruster > --- UTILITY (8) ------ Power Amplifier Advanced Coolant Injector Enhanced Optical Array Improved Launcher Guidance Computer Improved System Shield A0-MCA's Component Scanner > --- WEAPON (3) ------- Thermic Laser > --- INVENTORY (5) ---- Scrap Suit Advanced Hardlight Generator Improved Force Field Heavy Machine Gun Peak State ------------ > --- POWER ------------ (None) > --- PROPULSION ------- Gravmag Array Gravmag Array Improved Antigrav System > --- UTILITY ---------- Scrap Suit Weapon Cycler Improved Utility Shielding Improved Focal Shield Point Defense System Point Defense Array A0-MCA's Component Scanner > --- WEAPON ----------- Matter Neutralizer Matter Neutralizer Matter Neutralizer > --- INVENTORY -------- Scrap Suit Scrap Suit [Rating: 92] Favorites ----------- Power Light Ion Engine Engine Light Ion Engine Power Core Light Nuclear Core Propulsion Overtuned Titanium Leg Leg Overtuned Titanium Leg Wheel Wheel Hover Unit Gravmag Array Flight Unit Impulse Thruster Utility Huge Storage Unit Device Scrap Suit Storage Huge Storage Unit Processor A0-MCA's Component Scanner Hackware Improved System Shield Protection Light Armor Plating Weapon Beam Cannon Energy Gun Medium Laser Energy Cannon Beam Cannon Ballistic Gun Subdweller Machine Gun Ballistic Cannon Improved Light Cannon Launcher Heavy Shock Bomb Launcher Special Weapon CPS Tube Build | -11 -10 -10 -7 -7 -5 -4 -4 -4 ------- Run | Yrd Mat Sub Rec Scr Fac Fac Upp Upp Slots Evolved 12 | . . . . . 10 2 . . Power 1 | . . . . . . 1 . . Propulsion 4 | . . . . . 4 . . . Utility 6 | . . . . . 5 1 . . Weapon 1 | . . . . . 1 . . . Parts Attached 66 | 6 4 8 . 10 15 10 8 5 Power 3 | 1 . . . 1 . . 1 . Engine 2 | 1 . . . 1 . . . . Core 1 | . . . . . . . 1 . Reactor . | . . . . . . . . . Propulsion 24 | 2 1 3 . 8 4 4 1 1 Treads . | . . . . . . . . . Leg 12 | . . 1 . 7 4 . . . Wheel 6 | 2 1 2 . 1 . . . . Hover 4 | . . . . . . 4 . . Flight 2 | . . . . . . . 1 1 Utility 25 | 1 2 3 . 1 7 3 5 3 Device 13 | . . . . . 7 2 2 2 Storage 4 | 1 1 2 . . . . . . Processor 4 | . 1 . . 1 . . 1 1 Hackware 1 | . . . . . . . 1 . Protection 3 | . . 1 . . . 1 1 . Artifact . | . . . . . . . . . Weapon 14 | 2 1 2 . . 4 3 1 1 Energy Gun 5 | 2 1 . . . 1 . . 1 Energy Cannon 4 | . . 1 . . . 3 . . Ballistic Gun 2 | . . 1 . . 1 . . . Ballistic Cannon 1 | . . . . . 1 . . . Launcher 1 | . . . . . . . 1 . Special Weapon 1 | . . . . . 1 . . . Impact Weapon . | . . . . . . . . . Slashing Weapon . | . . . . . . . . . Piercing Weapon . | . . . . . . . . . Special Melee Weapon . | . . . . . . . . . Unidentified Prototypes . | . . . . . . . . . Parts Lost 30 | . 1 1 . . 10 6 12 . Power 2 | . . . . . 1 . 1 . Propulsion 9 | . 1 . . . 3 2 3 . Utility 10 | . . . . . 2 2 6 . Weapon 9 | . . 1 . . 4 2 2 . Highest Loss Streak 10 | . 1 1 . . 6 5 10 . To Critical Strikes . | . . . . . . . . . Average Slot Usage (%) 89 | . 97 91 100 100 84 58 17 31 Engine 11 | . 14 14 14 14 4 . . . Leg 11 | . . 4 . 15 30 8 . . Wheel 12 | . 25 15 28 12 . . . . Device 2 | . . . . . 20 22 6 7 Storage 11 | . 14 5 14 14 4 . . . Processor 12 | . 13 14 14 14 5 5 7 13 Energy Gun 4 | . 28 9 . . 3 . . 2 Energy Cannon 10 | . . 9 14 14 4 11 . . Ballistic Gun 9 | . . 8 14 14 4 . . . Peak Build Rating 92 | 6 7 14 12 35 72 92 66 51 Average Rating 26 | 4 6 8 12 24 63 77 23 38 On Entrance 20 | . 6 6 12 12 34 35 57 26 Naked Turns . | . . . . . . . . . Heaviest Build 111 | 11 27 90 90 97 111 44 31 6 Greatest Support 113 | 26 26 36 36 38 113 52 32 7 Greatest Overweight (x) 32 | . 2 8 2 32 2 2 10 1 Average Overweight (x) 2 | . 1 1 2 4 . . . . Largest Inventory Capacity 25 | 8 15 25 25 25 25 5 5 5 Average Capacity 19 | 6 14 12 25 25 23 5 5 5 Most Carried 25 | . 6 14 14 25 23 5 4 5 Average Carried 14 | . 3 6 14 21 15 4 2 4 Final Capacity 25 | 8 15 25 25 25 5 5 5 5 Final Carried 25 | . 6 14 14 25 4 4 3 5 Class Distribution -------------------- 89% | Mutant 5% | Tank Dominant Class ---------------- Mutant | -10/Materials Mutant | -10/Subcaves Mutant | -7/Recycling Mutant | -7/Scraptown Derelict-Gunner | -5/Factory Tank | -4/Factory Mutant | -4/Upper Caves Derelict-Mutant | -4/Upper Caves Resources | -11 -10 -10 -7 -7 -5 -4 -4 -4 ----------- Run | Yrd Mat Sub Rec Scr Fac Fac Upp Upp Matter Collected 797 | 211 89 90 . 90 169 19 79 50 Remotely . | . . . . . . . . . Salvage Created 581 | . 332 160 . . . 45 44 . Parts 43 | . 24 10 . . . 5 4 . Haulers Intercepted 2 | . 2 . . . . . . . Recyclers Shooed . | . . . . . . . . . Parts Field Recycled . | . . . . . . . . . Retrieved Matter . | . . . . . . . . . Parts Self-Destructed 28 | . . 17 . . . . 11 . Prevented . | . . . . . . . . . Kills | -11 -10 -10 -7 -7 -5 -4 -4 -4 ------- Run | Yrd Mat Sub Rec Scr Fac Fac Upp Upp Combat Hostiles Destroyed 11 | . 5 4 . . . 1 1 . Guns 6 | . 5 1 . . . . . . Cannons 5 | . . 3 . . . 1 1 . Classes Destroyed 8 | . 6 1 . . . . 1 . Worker 1 | . 1 . . . . . . . Builder 2 | . 1 . . . . 1 . . Hauler 2 | . 2 . . . . . . . Mechanic 1 | . 1 . . . . . . . Swarmer 3 | . 2 . . . . 1 . . Grunt 3 | . 3 . . . . . . . Programmer 1 | . . . . . . . 1 . Subdweller 4 | . . 4 . . . . . . Best Kill Streak 2 | . 2 2 . . . 1 1 . Combat Bots Only 2 | . 2 2 . . . 1 1 . Max Kills in Single Turn 1 | . 1 1 . . . 1 1 . Gunslinging . | . . . . . . . . . Exploded . | . . . . . . . . . Melee . | . . . . . . . . . Uniques/NPCs Destroyed . | . . . . . . . . . Combat | -11 -10 -10 -7 -7 -5 -4 -4 -4 -------- Run | Yrd Mat Sub Rec Scr Fac Fac Upp Upp Hostile Shots Fired 424 | . 19 18 . . 42 109 224 12 Missed 130 | . 7 2 . . 11 37 65 8 Damage Taken 5292 | . 152 372 . . 1274 1242 2168 84 Core 1461 | . 66 144 . . 93 161 957 40 Absorbed by Shields . | . . . . . . . . . Redirected to Shielding 111 | . . . . . . 111 . . Ignored by Resistances 582 | . . . . . 204 . 378 . Regen/Repaired (Parts) 45 | . . . . . 45 . . . Core Remaining (%) 68 | 100 . . . 16 90 . . . Volleys Fired 65 | . 29 12 . . 16 5 3 . Largest 3 | . 2 2 . . 3 3 1 . Hottest 315 | . 90 110 . . 129 315 105 . Shots Fired 131 | . 58 23 . . 40 7 3 . Gun 84 | . 58 17 . . 9 . . . Cannon 45 | . . 6 . . 29 7 3 . Launcher . | . . . . . . . . . Special 2 | . . . . . 2 . . . Kinetic 25 | . . 5 . . 20 . . . Thermal 68 | . 29 13 . . 16 7 3 . Explosive . | . . . . . . . . . Electromagnetic 36 | . 29 5 . . 2 . . . Robot Hit Streak 16 | . 6 16 . . 9 10 5 . Robot Miss Streak 2 | . 2 1 . . 2 1 1 . Penetration Max . | . . . . . . . . . Secondary Targets 2 | . 1 1 . . . . . . Max Gunslinging Chain 1 | . 1 1 . . . . . . Shots Hit Robots 87 | . 33 18 . . 29 5 2 . Core Hits 31 | . 15 8 . . 3 4 1 . Critical Kills . | . . . . . . . . . Critical Parts Destroyed . | . . . . . . . . . Critical Strikes 6 | . 4 2 . . . . . . Burn 4 | . 2 2 . . . . . . Corrupt 2 | . 2 . . . . . . . Melee Attacks . | . . . . . . . . . Impact . | . . . . . . . . . Slashing . | . . . . . . . . . Piercing . | . . . . . . . . . Sneak Attacks . | . . . . . . . . . Combat Hostiles . | . . . . . . . . . Follow-up Attacks . | . . . . . . . . . Damage Inflicted 1547 | . 505 273 . . 505 174 90 . Guns 723 | . 435 169 . . 119 . . . Cannons 724 | . . 104 . . 386 144 90 . Explosions 70 | . 70 . . . . . . . Melee . | . . . . . . . . . Ramming 30 | . . . . . . 30 . . Kinetic 329 | . . 53 . . 276 . . . Thermal 938 | . 309 166 . . 229 144 90 . Explosive . | . . . . . . . . . Electromagnetic 250 | . 196 54 . . . . . . Impact . | . . . . . . . . . Slashing . | . . . . . . . . . Piercing . | . . . . . . . . . Highest Corruption 2 | . . . . . 2 . 1 1 Average Corruption 1 | . . . . . 1 . 1 1 Corruption Purged . | . . . . . . . . . Corruption Blocked . | . . . . . . . . . Effects 2 | . . . . . 1 . 1 . Energy Discharges 2 | . . . . . 1 . 1 . Overload Shots . | . . . . . . . . . Overflow Damage . | . . . . . . . . . Projectiles . | . . . . . . . . . Explosions . | . . . . . . . . . Melee . | . . . . . . . . . Knockbacks . | . . . . . . . . . Impact . | . . . . . . . . . Kinetic . | . . . . . . . . . Secondary . | . . . . . . . . . Self-Inflicted Damage 46 | . 32 . . . . 14 . . Shots 1 | . 1 . . . . . . . Rammed 3 | . . . . . . 3 . . Targets Rammed 3 | . . . . . . 3 . . Kicked . | . . . . . . . . . Crushed . | . . . . . . . . . Highest Temperature 294 | . 294 2 . . 30 198 44 . Average Temperature 73 | . 94 2 . . 14 59 16 . Received Heat Transfer 515 | . 54 33 . . 90 192 137 9 Effects 1 | . 1 . . . . . . . Energy Bleed 1 | . 1 . . . . . . . Siege Activations . | . . . . . . . . . Robots Corrupted . | . . . . . . . . . Combat Hostiles . | . . . . . . . . . Parts Fried . | . . . . . . . . . Impact Corruptions . | . . . . . . . . . Robots Melted . | . . . . . . . . . Combat Hostiles . | . . . . . . . . . Parts Melted 1 | . 1 . . . . . . . Heat Transferred 2209 | . 951 555 . . 481 148 74 . Parts Sabotaged . | . . . . . . . . . Parts Stolen . | . . . . . . . . . Parts Stripped . | . . . . . . . . . Power Chain Reactions 1 | . 1 . . . . . . . Alert | -11 -10 -10 -7 -7 -5 -4 -4 -4 ------- Run | Yrd Mat Sub Rec Scr Fac Fac Upp Upp Peak Influence 177 | . 132 . . . 88 177 . . Initial 13 | . . . . . . 13 . . Average 26 | . 22 . . . 41 29 . . Maximum Alert Level . | . . . . . . . . . Low Security (%) 100 | 100 100 . 100 . 100 100 . . Level 1 . | . . . . . . . . . Level 2 . | . . . . . . . . . Level 3 . | . . . . . . . . . Level 4 . | . . . . . . . . . Level 5 . | . . . . . . . . . High Security . | . . . . . . . . . Max Security . | . . . . . . . . . Squads Dispatched 8 | . 2 . . . 3 3 . . Investigation 2 | . 1 . . . 1 . . . Extermination 1 | . . . . . . 1 . . Reinforcement 5 | . 1 . . . 2 2 . . Assault . | . . . . . . . . . Garrison . | . . . . . . . . . Intercept . | . . . . . . . . . Searches Triggered . | . . . . . . . . . Construction Impeded 1 | . . . . . . 1 . . Haulers Reinforced . | . . . . . . . . . Active Scanning Responses . | . . . . . . . . . Cargo Convoy Interrupts . | . . . . . . . . . Stealth | -11 -10 -10 -7 -7 -5 -4 -4 -4 --------- Run | Yrd Mat Sub Rec Scr Fac Fac Upp Upp Distress Signals 1 | . . . . . . 1 . . Communications Jammed . | . . . . . . . . . Distress Signals . | . . . . . . . . . Times Spotted 69 | . 14 4 . . 10 18 16 7 Peak Tracking Total 9 | . 4 2 . . 7 9 7 7 Tactical Retreats 18 | . 1 . . . 2 4 11 . Traps | -11 -10 -10 -7 -7 -5 -4 -4 -4 ------- Run | Yrd Mat Sub Rec Scr Fac Fac Upp Upp Traps Triggered 1 | . 1 . . . . . . . Indirectly . | . . . . . . . . . Trap Hack Attempts . | . . . . . . . . . Triggered . | . . . . . . . . . Disarmed . | . . . . . . . . . Reprogrammed . | . . . . . . . . . Reused . | . . . . . . . . . Traps Extracted . | . . . . . . . . . Installed . | . . . . . . . . . Triggered 1 | . . . . . . . 1 . Machines | -11 -10 -10 -7 -7 -5 -4 -4 -4 ---------- Run | Yrd Mat Sub Rec Scr Fac Fac Upp Upp Machines Disabled 1 | . . 1 . . . . . . Max in Single Turn 1 | . . 1 . . . . . . Machines Repaired . | . . . . . . . . . Machines Dismantled . | . . . . . . . . . Machines Sabotaged . | . . . . . . . . . Overloaded Fab Kills . | . . . . . . . . . Hacking | -11 -10 -10 -7 -7 -5 -4 -4 -4 --------- Run | Yrd Mat Sub Rec Scr Fac Fac Upp Upp Machines Accessed 4 | . 1 . . 1 2 . . . Terminals 2 | . 1 . . . 1 . . . Fabricators 1 | . . . . . 1 . . . Repair Stations . | . . . . . . . . . Recycling Units . | . . . . . . . . . Scanalyzers . | . . . . . . . . . Garrison Access . | . . . . . . . . . Total Hacks 12 | . 5 . . 3 4 . . . Successful 7 | . 2 . . 3 2 . . . Failed 5 | . 3 . . . 2 . . . Catastrophic 2 | . 1 . . . 1 . . . Database Lockouts . | . . . . . . . . . Manual 5 | . 5 . . . . . . . Terminals 7 | . 5 . . . 2 . . . Fabricators 2 | . . . . . 2 . . . Repair Stations . | . . . . . . . . . Recycling Units . | . . . . . . . . . Scanalyzers . | . . . . . . . . . Garrison Access . | . . . . . . . . . Terminal Hacks 5 | . 2 . . 3 . . . . Record 3 | . . . . 3 . . . . Hauler Manifests 1 | . 1 . . . . . . . Registered Components 1 | . 1 . . . . . . . Fabricator Hacks 2 | . . . . . 2 . . . Network Status 2 | . . . . . 2 . . . Repair Station Hacks . | . . . . . . . . . Recycling Unit Hacks . | . . . . . . . . . Scanalyzer . | . . . . . . . . . Garrison Access Hacks . | . . . . . . . . . Unauthorized Hacks . | . . . . . . . . . Terminals . | . . . . . . . . . Fabricators . | . . . . . . . . . Repair Stations . | . . . . . . . . . Recycling Units . | . . . . . . . . . Scanalyzers . | . . . . . . . . . Garrison Access . | . . . . . . . . . Data Cores Recovered . | . . . . . . . . . Used . | . . . . . . . . . Hacking Detections 2 | . 1 . . . 1 . . . Full Trace Events 1 | . . . . . 1 . . . Feedback Events . | . . . . . . . . . Feedback Blocked . | . . . . . . . . . Robot Schematics Acquired . | . . . . . . . . . Robots Built . | . . . . . . . . . Authchips . | . . . . . . . . . Time . | . . . . . . . . . Total Robot Build Rating . | . . . . . . . . . Part Schematics Acquired . | . . . . . . . . . Parts Built . | . . . . . . . . . Authchips . | . . . . . . . . . Time . | . . . . . . . . . Total Part Build Rating . | . . . . . . . . . Parts Repaired . | . . . . . . . . . Time . | . . . . . . . . . Parts Recycled . | . . . . . . . . . Recycled Matter . | . . . . . . . . . Retrieved Matter . | . . . . . . . . . Retrieved Components . | . . . . . . . . . Parts Scanalyzed . | . . . . . . . . . Part Schematics Acquired . | . . . . . . . . . Parts Damaged . | . . . . . . . . . Bothacking | -11 -10 -10 -7 -7 -5 -4 -4 -4 ------------ Run | Yrd Mat Sub Rec Scr Fac Fac Upp Upp Used RIF Installer . | . . . . . . . . . Robots Hacked . | . . . . . . . . . Non-combat . | . . . . . . . . . Combat . | . . . . . . . . . Robot Hacks Applied . | . . . . . . . . . Relay Couplers Released . | . . . . . . . . . Fabnet Peak Effective % . | . . . . . . . . . Robots Rewired . | . . . . . . . . . Allies Hacked . | . . . . . . . . . Hacks Repelled . | . . . . . . . . . Allies | -11 -10 -10 -7 -7 -5 -4 -4 -4 -------- Run | Yrd Mat Sub Rec Scr Fac Fac Upp Upp Total Allies 1 | . . . . 1 . . . . Largest Group 1 | . . . . 1 1 . . . Highest-Rated Group 63 | . . . . 63 63 . . . Highest-Rated Ally 63 | . . . . 63 63 . . . Total Orders . | . . . . . . . . . Ally Attacks 8 | . . . . . 8 . . . Total Damage 437 | . . . . . 437 . . . Kills 3 | . . . . . 3 . . . Allies Corrupted . | . . . . . . . . . Allies Melted . | . . . . . . . . . Intel | -11 -10 -10 -7 -7 -5 -4 -4 -4 ------- Run | Yrd Mat Sub Rec Scr Fac Fac Upp Upp Robot Analysis Total . | . . . . . . . . . Derelict Logs Recovered 6 | . . . . 4 . . 2 . Drone Launches . | . . . . . . . . . Drone Recoveries . | . . . . . . . . . Exploration | -11 -10 -10 -7 -7 -5 -4 -4 -4 ------------- Run | Yrd Mat Sub Rec Scr Fac Fac Upp Upp Turns Passed 9066 | 45 1339 551 51 5414 355 682 422 207 Spaces Moved 4536 | 43 423 359 40 2124 194 391 544 418 Core 722 | 4 . . . 9 . . 494 215 Treads . | . . . . . . . . . Legs 948 | . . 39 . 662 194 53 . . Wheels 2275 | 39 423 320 40 1453 . . . . Hover 387 | . . . . . . 338 49 . Flight 204 | . . . . . . . 1 203 Fastest Speed 35 | 50 90 80 129 129 110 52 35 40 Average Speed 164 | 84 99 116 129 251 127 107 61 47 Slowest Speed 1650 | 90 110 420 129 1650 260 180 550 100 Overloaded Moves . | . . . . . . . . . Propulsion Burnouts . | . . . . . . . . . Robots Hopped . | . . . . . . . . . Cave-ins Triggered . | . . . . . . . . . Exploration Rate (%) 38 | 3 64 23 9 91 4 9 78 66 Regions Visited 8 Branch Regions 5 Pre-discovered Areas 2 | . . 1 . 1 . . . . Known Exits Taken . | . . . . . . . . . Unknown Exits Taken 8 | 1 1 1 1 1 1 1 1 . Scrap Searched 14 | . . . . 7 . . 3 4 Spaces Dug . | . . . . . . . . . Terrain Destroyed 5 | . 2 . . . . 2 1 . Melee . | . . . . . . . . . Projectile 3 | . . . . . . 2 1 . AOE 2 | . 2 . . . . . . . Terrain Rammed . | . . . . . . . . . Walls Destroyed . | . . . . . . . . . Machines Disabled . | . . . . . . . . . Actions | -11 -10 -10 -7 -7 -5 -4 -4 -4 --------- Run | Yrd Mat Sub Rec Scr Fac Fac Upp Upp Total 6010 | 48 1280 467 39 2215 266 644 625 426 Wait 1278 | . 821 78 . 35 41 234 69 . Move 4528 | 42 422 358 39 2123 193 390 543 418 Hop . | . . . . . . . . . Pick Up 44 | . 4 10 . 26 . . 2 2 Fast Attach 30 | 6 1 1 . . 2 9 6 5 Attach 14 | . . 1 . . 10 1 2 . Detach 1 | . . . . . . 1 . . Swap 22 | . 3 6 . 10 3 . . . Drop 25 | . . 1 . 21 1 1 . 1 Fire 65 | . 29 12 . . 16 5 3 . Melee . | . . . . . . . . . Ram 3 | . . . . . . 3 . . Kick . | . . . . . . . . . Crush . | . . . . . . . . . Escape Stasis . | . . . . . . . . . Rewire . | . . . . . . . . . Trap . | . . . . . . . . . Miscellaneous . | . . . . . . . . . Route ------- -11/Scrapyard -10/Materials (discovered 3 exits: [*Mat] / [*Min] / [*Sub]) -10/Subcaves (discovered 2 exits: [*Mat] / [*Rec]) -7/Recycling -7/Scraptown (discovered 2 exits: *Fac x2) -5/Factory (discovered 2 exits: [*Fac] / [*Upp]) -4/Factory -4/Upper Caves -4/Upper Caves (discovered 1 exit: [*Res]) History --------- Turn | Location | Event 10 | -11/Scrapyard | Discovered new exit (range 16) 46 | -11/Scrapyard | Entered Materials 306 | -10/Materials | Build established: Mutant 1037 | -10/Materials | Discovered new exit (range 6) 1114 | -10/Materials | Discovered new exit (range 10) 1167 | -10/Materials | Discovered new exit (range 16) 1385 | -10/Materials | Entered Subcaves 1429 | -10/Subcaves | Discovered new exit (range 10) 1448 | -10/Subcaves | Shifting Twisted Machinery released Scrap Shield 1472 | -10/Subcaves | Learned location of Zion (-6) 1472 | -10/Subcaves | Met a Zionite searching for "candidates" 1551 | -10/Subcaves | Discovered new exit (range 14) 1556 | -10/Subcaves | Core integrity fell below 50% 1568 | -10/Subcaves | Core integrity fell below 20% 1936 | -10/Subcaves | Entered Recycling 1955 | -7/Recycling | Scanned before Scraplab entrance 1974 | -7/Recycling | Entered Scraplab 1984 | -7/Recycling | Discovered new exit (range 2) 1987 | -7/Recycling | Entered Scraptown 2224 | -7/Scraptown | Visited Spacefarers 2302 | -7/Scraptown | Visited Comm Corps 2391 | -7/Scraptown | Visited Awakened 2489 | -7/Scraptown | Visited UFD Registry 2489 | -7/Scraptown | Registered with UFD as "Pyrostep" 2520 | -7/Scraptown | Visited TADAMA 2567 | -7/Scraptown | Visited Fellowship of the Rings 2686 | -7/Scraptown | Scanned Subdweller tech in exchange for log data 2690 | -7/Scraptown | Learned location of 1 exit from Research 2692 | -7/Scraptown | Learned Factory terminal intel 2693 | -7/Scraptown | Learned Research emergency access door positions 2695 | -7/Scraptown | Learned location of Testing (-3) 2952 | -7/Scraptown | Discovered new exit (range 13) 3656 | -7/Scraptown | Visited Junk Cannon Lab 3698 | -7/Scraptown | Visited DA-N13 Charitable Foundation 3721 | -7/Scraptown | Found DCF Scrap (27 items) 3756 | -7/Scraptown | Visited Scrap Suit Storage 3782 | -7/Scraptown | Visited Abandonware Association 3823 | -7/Scraptown | Visited Infowarlord's Domain 3852 | -7/Scraptown | Found Exp. Terrain Scanner 3911 | -7/Scraptown | Visited Botcube Research 3919 | -7/Scraptown | Found Lrg. Botcube 3948 | -7/Scraptown | Visited Supply Room 3989 | -7/Scraptown | Visited A0-MCA Data Center 3997 | -7/Scraptown | Given a B- rating by A0-MCA 4002 | -7/Scraptown | Found A0-MCA's Component Scanner 4033 | -7/Scraptown | Visited Curators Association 4112 | -7/Scraptown | Found Junk Cannon 4213 | -7/Scraptown | Delivered Scrap Shield to a Scientist 4314 | -7/Scraptown | Found Scrap Suit 4322 | -7/Scraptown | Found Scrap Suit 4333 | -7/Scraptown | Found Scrap Suit 4523 | -7/Scraptown | Lrg. Botcube activated 4545 | -7/Scraptown | Lrg. Botcube completed mutation into hovering form, armed with 1 gun, 1 launcher, 1 melee weapon, 1 special weapon. 7373 | -7/Scraptown | Discovered new exit (range 5) 7401 | -7/Scraptown | Entered Factory 7401 | -5/Factory | Accompanied by 1 ally 7401 | -5/Factory | Evolved 10 slots: Propulsion x4, Utility x5, Weapon x1 7402 | -5/Factory | Loaded intel: 25 terminal locations 7480 | -5/Factory | Discovered new exit (range 9) 7545 | -5/Factory | Discovered new exit (range 14) 7724 | -5/Factory | Lost 3 parts (1p1n1w) 7756 | -5/Factory | Entered another Factory area 7756 | -4/Factory | Evolved 2 slots: Power x1, Utility x1 7786 | -4/Factory | Lost 6 parts (2n1u3w) 8226 | -4/Factory | Build established: Tank 8419 | -4/Factory | Discovered new exit (range 9) 8438 | -4/Factory | Entered Upper Caves 8440 | -4/Upper Caves | UFD Scientist delivered a prototype 8444 | -4/Upper Caves | Found Enh. Scrap Shield 8468 | -4/Upper Caves | Lost 5 parts (1n2u2w) 8561 | -4/Upper Caves | Core integrity fell below 50% 8582 | -4/Upper Caves | Lost 10 parts (2n6u2w) 8607 | -4/Upper Caves | Core integrity fell below 20% 8668 | -4/Upper Caves | Learned Research stockpile data 8723 | -4/Upper Caves | Build established: Mutant 8802 | -4/Upper Caves | Learned Research security intel 8858 | -4/Upper Caves | Discovered new exit (range 5) 8860 | -4/Upper Caves | Entered another Upper Caves area 8863 | -4/Upper Caves | Discovered new exit (range 9) 9037 | -4/Upper Caves | Attracted the attention of an 0b10 checkpoint 9067 | -4/Upper Caves | Destroyed by P-70 Sage with Tesla Rifle Last Messages --------------- 08954_ Found Focal Shield. 08954_ Found Adv. Coolant Injector. 08954_ Found Thermic Laser. 08954_ Found Imp. Thermal Shield. 08954_ Found 64 Matter. 08955_ Acquired Adv. Coolant Injector. 08958_ Acquired Imp. Thermal Shield. 08959_ Dropped Imp. Thermal Shield. 08960_ Acquired 20 matter. 08967_ Acquired Thermic Laser. 08968_ Acquired 10 matter. 08982_ Searching scrap... 08982_ Found Adv. Cryofiber Web. 08982_ Found Impulse Thruster. 08982_ Found Axe. 08982_ Found 45 Matter. 08985_ Acquired Impulse Thruster. 08986_ Acquired 10 matter. 09036_ Slug penetrates Wall. 09037_ Y-64 Sentinel: "INTERCEPTING UNREGISTERED DERELICT." Map ----- +----------------------------------------------------+ | | | | | | | ?????????????????????????????????????????????????? | | ?????????????????????????????????????????????????? | | ?????????????????????????????????????????????????? | | ?????????????????????????????????????????????????? | | ?????????????????????????????????????????????????? | | ?????????????????????????????????????????????????? | | ?????????????????????????????????????????????????? | | ?????????????????????????????????????????????????? | | ?????????????????????????????????????????????????? | | ?????????????????????????????????????????????????? | | ?????????????????????????????????????????????????? | | ?????????????????????????????????????????????????? | | ?????????????????????????????????????????????????? | | ?????????????????????????????????????????????????? | | ???????????????????####?????????###????????#####?? | | ??????????????????## ##??????## ##??????## #?? | | ??????????????????# ##????## #??????# ##? | | ??????????????????# #????# #?????## #? | | ??????????????????# #???## ##??### ##? | | ??????????????????## ##### #### ## #?? | | ????????????????####### ## p ### ### | | ????????????????# #??### p ##?# | | ???????????????? ????#@ ### ######## | | ????????????????# #?## ####### ### #???# | | ???????????????## ## #?# ######?# #### | | ???????????????? #?# ??????# ## | | ???????????????? ?# #?????## ## | | ?????????????? # ####### ### " | | ?????????????##### ## ## ### | | ?????????????????# ## ##$ ## | | ?????????????????# ?# ## " | | ????????????????# #?# ## " | | ????????????????## ### " | | ?????????????????### | | ???????????????????## #### ## | | ???????????????????## #????# ### ##### ### | | ???????????????????# ##????# #### #???# #? | | ???????????????????# #####?##?# #???## ##? | | ??????????????????## ###??## #????####?? | | ??????????????## ## ###?# ##?????????? | | ??????????????# ### ##??????????? | | ??????????????# ## #???????????? | | ?????????????# ?## ## #???????####? | | ?????????????# ## ???# #### #???????# #? | | ?????????????# ??# ???# ##??## ##??????# #? | | ?????????????##??? ????###????## #??????# #? | | ????????????????? ????????????# ### #??????# ## | +----------------------------------------------------+ Best States ------------- Heat Dissipation 43 Coolant Potential 100 Energy Generation 16 Energy Capacity 290 Matter Stores 300 Matter Capacity 300 Sight Range 22 Terrain Scan Density 10 Power Amplification 20 Armor Coverage 800 Resistance: KI 25 Utility Shielding 66 Point Defense Rating 160 Weapon Cycling 15 Evasion (%) 62 Targeting Accuracy 5 Launcher Accuracy 30 Matter Filtering 30 Defensive Hacking 12 Item Schematics ----------------- None Robot Schematics ------------------ None Fabricated ------------ Nothing Alien Tech Used ----------------- None Achievements -------------- None Challenges ------------ None Game ------ Seed CommConcussiveBooster Manual? 0 Play Time 00:52:29 Cumulative 92.6 hours Start 2024.09.20 @ 12:48:24 End 2024.09.20 @ 17:53:34 Sessions 1 Manual Loads 0 Difficulty Rogue Special Mode None Game No. 157 Rogue 157 Adventurer 0 Explorer 0 Win Type - Total 0 Types 0/0/0/0/0/0/0/0/0 Lore% 47 Gallery% 49 Achievement% 40 Wizard Run 0 Options --------- Layout 0 ASCII 0 Keyboard 1 Movement Numpad Keybinds 0 Fullscreen 2 Font 18/SmallcapsGlow Map View 76x50 Zoom Use 0% Tactical HUD 1 Map Filters NONE Filters NONE Steam 1 RUN: d3df044c-523a-44e1-a7e3-e7eadab6dc1b